 Dungeon Crawl Stone Soup version 0.25.1-2-g60ff931df9 (webtiles) character file.

Game seed: 1532423393237264963

5502 Cadaver the Grappler (level 10, 0/86 HPs)
             Began as a Ghoul Monk on Oct 31, 2020.
             Was a Priest of Wu Jian.
             Slain by a water moccasin (8 damage)
             ... on level 12 of the Dungeon.
             The game lasted 00:48:13 (10308 turns).

Cadaver the Grappler (Ghoul Monk)                  Turns: 10308, Time: 00:48:14

Health: 0/86       AC:  4    Str: 17    XL:     10   Next: 70%
Magic:  0/9        EV: 15    Int:  6    God:    Wu Jian [***...]
Gold:   592        SH:  0    Dex: 18    Spells: 6/9 levels left

rFire    . . .     SeeInvis .     - Unarmed
rCold    + . .     Gourm    .   (no shield)
rNeg     + + +     Faith    .   a - +0 robe
rPois    ∞         Spirit   +   (no helmet)
rElec    .         Reflect  .   E - +0 cloak
rCorr    .         Harm     .   (no gloves)
MR       +....                  v - +0 pair of boots
Stlth    ++++......             w - amulet of guardian spirit
HPRegen  0.00/turn              x - ring of protection from magic
MPRegen  0.11/turn              j - +6 ring of dexterity

@: rotting, hasted, very quick
A: rotting body, claws 1, carnivore, cold resistance 1, negative energy
resistance 3, inhibited regeneration, torment resistance, unbreathing
a: Wall Jump, Serpent's Lash, Renounce Religion


You were on level 12 of the Dungeon.
You worshipped Wu Jian.
Wu Jian was most pleased with you.
You were not hungry.

You visited 2 branches of the dungeon, and saw 13 of its levels.

You collected 592 gold pieces.

Inventory:

Missiles
 c - 378 stones (quivered)
 h - 2 throwing nets
 A - 8 atropa-tipped darts
 G - 16 poisoned darts
 M - 2 datura-tipped darts
Armour
 a - a +0 robe (worn)
 v - a +0 pair of boots (worn)
 E - a +0 cloak (worn)
 I - a scarf of invisibility
 J - the +3 buckler "Xavvia" {+Inv rF+ Int-3, unknown}
   (You found it on level 9 of the Dungeon)

   It affects your intelligence (-3).
   It protects you from fire.
   It lets you turn invisible.
Jewellery
 j - a +6 ring of dexterity (right claw)
 k - an uncursed ring of resist corrosion
 n - an uncursed ring of ice
 w - an amulet of guardian spirit (around neck)
 x - a ring of protection from magic (left claw)
Wands
 m - a wand of paralysis (3)
 r - a wand of acid (29)
 z - a wand of iceblast (7)
 K - a wand of flame (29)
Scrolls
 d - a scroll of fear {unknown}
 i - 3 scrolls of immolation {unknown}
 o - 2 scrolls of enchant weapon {unknown}
 p - 3 scrolls of silence {unknown}
 q - a scroll of teleportation
 s - 3 scrolls of remove curse
 u - 3 scrolls of blinking {unknown}
 y - 2 scrolls of amnesia {unknown}
 B - 3 scrolls of fog {unknown}
 H - a scroll of summoning {unknown}
Potions
 e - 3 potions of stabbing
 f - 4 potions of resistance
 g - a potion of haste
 t - a potion of mutation
 C - a potion of flight
 D - a potion of brilliance
Comestibles
 b - 25 rations
 L - 3 chunks of flesh


   Skills:
 * Level 7.0 Fighting
 + Level 1.8 Throwing
 + Level 4.3 Dodging
 + Level 7.5 Stealth
 * Level 13.5 Unarmed Combat
 + Level 0.7 Evocations


You had 6 spell levels left.
You knew the following spells:

 Your Spells              Type           Power        Failure   Level  Hunger
a - Confusing Touch       Hex            #.......     83%         3    ####...

Your spell library contained the following spells:

 Spells                   Type           Power        Failure   Level  Hunger
 Gell's Gravitas          Tloc           #.........   83%         3    ####...
 Petrify                  Tmut/Erth      #.......     99%         4    #####..
 Metabolic Englaciation   Hex/Ice        #.........   100%        5    ######.
 Yara's Violent Unravell  Hex/Tmut       #.........   100%        5    ######.


Dungeon Overview and Level Annotations

Branches:
Dungeon (12/15)            Temple (1/1) D:4
   Lair: D:8-11         Orc: D:9-12

Altars:
Ashenzari
Cheibriados
Dithmenos
Elyvilon
Fedhas
Gozag
Hepliaklqana
Kikubaaqudgha
Makhleb
Nemelex Xobeh
Okawaru
Qazlal
Ru
Sif Muna
Trog
Uskayaw
Vehumet
Wu Jian
Xom
Yredelemnul
Zin
The Shining One

Portals:
Trove: D:10 (give +5 demon blade)

Annotations:
D:7 1 runed translucent door, Crazy Yiuf
D:8 Erica, Harold, Maurice
D:11 4 runed translucent doors


Innate Abilities, Weirdness & Mutations

Your body is rotting away.
You thrive on raw meat.
You are immune to poison.
You have sharp fingernails.
You are carnivorous and can eat meat at any time.
Your flesh is cold resistant. (rC+)
You are immune to negative energy. (rN+++)
You do not regenerate when monsters are visible.
You are immune to unholy pain and torment.
You can survive without breathing.


Message History

You feel better. The water moccasin bites you!
* * * LOW HITPOINT WARNING * * *
The water moccasin closely misses you.
You feel yourself speed up. The water moccasin bites you.
* * * LOW HITPOINT WARNING * * *
It was a potion of berserk rage.
You cannot raise a blood rage in your lifeless body.
The water moccasin completely misses you.
Unknown command.
You closely miss the water moccasin. You scratch the water moccasin.
The water moccasin is lightly wounded.
The water moccasin barely misses you.
You barely miss the water moccasin.
The water moccasin is lightly wounded.
The water moccasin closely misses you.
You barely miss the water moccasin.
The water moccasin is lightly wounded.
The water moccasin bites you!
You die...

# ### #.#..
.#.# ..#
#S###..#.
#@.......
#......(.##
#####.####
.# #


You could see a water moccasin.

Vanquished Creatures
  A two-headed ogre (D:10)
  A centaur skeleton (D:9)
  2 hornets
  Prince Ribbit (D:5)
  2 hippogriffs
  5 yaks
  2 hungry ghosts
  An orc warrior (D:7)
  2 ice beasts
  2 ogres
  An eye of draining (D:10)
  A necrophage (D:9)
  4 centaurs
  A big kobold (D:9)
  7 bullfrogs
  A water moccasin zombie (D:6)
  2 scorpions
  4 killer bees (D:10)
  A howler monkey (D:7)
  3 crimson imps
  3 jellies
  A quasit (D:10)
  4 bullfrog skeletons
  An orc priest (D:8)
  3 hounds
  2 orc wizards
  5 worker ants
  A worker ant zombie (D:5)
  8 adders
  3 shadow imps
  2 oozes
  An adder skeleton (D:7)
  2 worms
  4 leopard geckos
  9 orcs
  3 giant cockroaches
  9 goblins
  6 hobgoblins
  9 jackals
  6 quokkas
  4 bats
  5 frilled lizards
  5 kobolds
  2 leopard gecko skeletons
  5 rats
147 creatures vanquished.

Vanquished Creatures (others)
  5 dream sheep (D:4)
  2 fungi (D:8)
7 creatures vanquished.

Grand Total: 154 creatures vanquished

Notes
Turn   | Place    | Note
-------+----------+-------------------------------------------
     0 | D:1      | Cadaver the Ghoul Monk began the quest for the Orb.
     0 | D:1      | Reached XP level 1. HP: 19/19 MP: 0/0
   391 | D:1      | Reached XP level 2. HP: 24/26 MP: 1/1
  1171 | D:2      | Reached skill level 4 in Unarmed Combat
  1171 | D:2      | Reached XP level 3. HP: 32/33 MP: 2/2
  1764 | D:2      | Reached XP level 4. HP: 37/40 MP: 3/3
  2152 | D:3      | Found a sparkling altar of Nemelex Xobeh.
  3225 | D:4      | Noticed a dream sheep
  3225 | D:4      | Noticed a dream sheep
  3225 | D:4      | Noticed a dream sheep
  3225 | D:4      | Noticed a dream sheep
  3225 | D:4      | Noticed a dream sheep
  3225 | D:4      | Found a shimmering altar of Xom.
  3229 | D:4      | Killed a dream sheep
  3229 | D:4      | Killed a dream sheep
  3232 | D:4      | Killed a dream sheep
  3232 | D:4      | Killed a dream sheep
  3233 | D:4      | Killed a dream sheep
  3321 | D:4      | Found a staircase to the Ecumenical Temple.
  3335 | Temple   | Entered the Ecumenical Temple
  3420 | Temple   | Became a worshipper of the Wu Jian Council
  3420 | Temple   | Reached * piety under Wu Jian
  3420 | Temple   | Reached ** piety under Wu Jian
  3682 | D:5      | Entered Level 5 of the Dungeon
  3689 | D:5      | Reached skill level 5 in Unarmed Combat
  3689 | D:5      | Reached XP level 5. HP: 46/46 MP: 4/4
  3925 | D:5      | Found a glowing golden altar of the Shining One.
  4104 | D:5      | Noticed Prince Ribbit
  4112 | D:5      | HP: 1/46 [Prince Ribbit (5)]
  4127 | D:5      | Killed Prince Ribbit
  4127 | D:5      | Reached skill level 1 in Throwing
  4127 | D:5      | Reached skill level 6 in Unarmed Combat
  4127 | D:5      | Reached XP level 6. HP: 22/53 MP: 1/5
  4296 | D:5      | Reached XP level 7. HP: 58/60 MP: 6/6
  4428 | D:6      | Reached skill level 7 in Unarmed Combat
  4963 | D:6      | Reached skill level 5 in Stealth
  5176 | D:7      | Noticed a hornet
  5285 | D:7      | Found a runed translucent door.
  5286 | D:7      | Noticed Crazy Yiuf
  5395 | D:7      | Reached skill level 8 in Unarmed Combat
  5613 | D:7      | Reached XP level 8. HP: 58/67 MP: 5/7
  6023 | D:7      | Killed a hornet
  6023 | D:7      | Reached skill level 5 in Fighting
  6155 | D:7      | Reached skill level 9 in Unarmed Combat
  6579 | D:8      | Noticed Maurice
  7126 | D:8      | Reached skill level 10 in Unarmed Combat
  7126 | D:8      | Reached XP level 9. HP: 75/75 MP: 8/8
  7164 | D:8      | Reached *** piety under Wu Jian
  7164 | D:8      | Noticed Erica
  7517 | D:8      | Noticed Harold
  7534 | D:8      | Noticed a kobold demonologist
  7933 | D:9      | Reached skill level 11 in Unarmed Combat
  7939 | D:9      | Got a distressingly furry buckler
  8935 | D:9      | Reached skill level 12 in Unarmed Combat
  8942 | D:9      | Reached XP level 10. HP: 48/84 MP: 5/9
  9102 | D:10     | Entered Level 10 of the Dungeon
  9202 | D:10     | Found a portal to a secret trove of treasure.
  9330 | D:10     | Noticed a two-headed ogre
  9339 | D:10     | Killed a two-headed ogre
  9466 | D:10     | Reached skill level 13 in Unarmed Combat
  9836 | D:10     | Learned a level 3 spell: Confusing Touch
 10246 | D:11     | Found a huge runed translucent gate.
 10246 | D:11     | Found a huge runed translucent gate.
 10246 | D:11     | Found a huge runed translucent gate.
 10247 | D:11     | Found a huge runed translucent gate.
 10247 | D:11     | Noticed a death yak
 10247 | D:11     | Noticed a manticore
 10247 | D:11     | Noticed a manticore
 10248 | D:11     | Noticed a manticore
 10308 | D:12     | Slain by a water moccasin

Illustrated notes

Levels and vault maps discovered:
D:1:      roderic_crossed_star, layout_basic
D:2:      layout_loops_ring, lemuel_old_faithful
D:3:      layout_loops_ring, nemelex_xobeh_ov_fountains_minmay
D:4:      layout_loops_ring, minmay_temple_entry_statues_fountains,
          kb_xom_exploding_sheep
D:5:      layout_rooms, basic_altar, first_ration, uniq_prince_ribbit1
D:6:      layout_loops_ring, minmay_misc_feat_room
D:7:      layout_layer_cave, uniq_crazy_yiuf_cottage
D:8:      layout_loops_corners, lair_entry_dummy, abandoned_shop,
          nicolae_ru_the_path_less_chosen, uniq_maurice, uniq_erica, uniq_harold
D:9:      layout_roguey, blue_anna_alchemist [blue_anna_fruit_fields,
          blue_anna_fruit_fields]
D:10:     layout_irregular_city, nicolae_trove_entry_free_sample
D:11:     lemuel_bear_cage, layout_cave_pools
D:12:     layout_loops_corners, minmay_orc_entry_temple_small
Temple:   compressed_dpeg_triangle_lava_temple

Skill      XL: |  1  2  3  4  5  6  7  8  9 10 |
---------------+-------------------------------+-----
Unarmed Combat | 4 5 6 8 10 12 13 | 13.5
Fighting       | 4 5 6 7 |  7.0
Stealth        | 3 4 5 6 7 |  7.5
Throwing       | 1 |  1.8
Dodging        | 3 4 |  4.3
Evocations     | |  0.7

Action                   |  1- 3 |  4- 6 |  7- 9 | 10-12 || total
-------------------------+-------+-------+-------+-------++-------
Melee: Unarmed           |   115 |   114 |   249 |   102 ||   580
       Punch             |     1 |     2 |    20 |     5 ||    28
Throw: Stone             |     6 |     8 |     8 |     3 ||    25
Invok: Lunge             |       |     8 |    27 |     8 ||    43
       Whirlwind         |       |       |    13 |     2 ||    15
       Serpent's Lash    |       |       |     1 |       ||     1
 Abil: Wall Jump         |       |       |       |     1 ||     1
Evoke: Wand              |       |       |     5 |       ||     5
  Use: Scroll            |       |     4 |     4 |     4 ||    12
       Potion            |       |     4 |     4 |     3 ||    11
 Stab: Sleeping          |     1 |     6 |    11 |     3 ||    21
       Paralysed         |       |       |     5 |       ||     5
       Distracted        |       |       |     1 |       ||     1
  Eat: Chunk             |    12 |    22 |    27 |    16 ||    77
       Ration            |       |       |     1 |       ||     1
Armor: Robe              |    18 |     7 |    28 |    19 ||    72
Dodge: Dodged            |    66 |    54 |   137 |    73 ||   330
